 Dungeon Crawl Stone Soup version 0.23-a0-636-g0ff6057 (webtiles) character file.

141 Leeroy the Slasher (level 5, -7/41 HPs)
             Began as a Draconian Skald on Dec 28, 2018.
             Blown up by Ijyb (10 damage)
             ... with a wand of disintegration (9)
             ... on level 3 of the Dungeon.
             The game lasted 00:04:51 (2268 turns).

Leeroy the Slasher (Draconian Skald)                Turns: 2268, Time: 00:04:52

Health: -7/41      AC:  5    Str: 13    XL:     5   Next: 3%
Magic:  2/8        EV: 12    Int: 14    God:
Gold:   142        SH:  0    Dex: 11    Spells: 1/8 levels left

rFire    . . .     SeeInvis .   a - +0 falchion
rCold    . . .     Gourm    .   (no shield)
rNeg     . . .     Faith    .   (armour unavailable)
rPois    .         Spirit   .   (helmet restricted)
rElec    .         Reflect  .   (no cloak)
rCorr    .         Harm     .   (no gloves)
MR       .....                  (no boots)
Stlth    +.........             (no amulet)
HPRegen  0.13/turn              (no ring)
MPRegen  0.11/turn              (no ring)

@: infused
A: unfitting armour, cold-blooded, AC +5
a: no special abilities


You were on level 3 of the Dungeon.
You were not hungry.

You visited 1 branch of the dungeon, and saw 3 of its levels.

You collected 142 gold pieces.

Inventory:

Hand Weapons
 a - a +0 falchion (weapon)
 l - a +0 dagger
 u - a +0 spear
Missiles
 b - 24 bolts
 n - 52 stones (quivered)
 s - 42 arrows
Armour
 d - a +2 large shield
 m - a +0 pair of boots
 o - a +0 pair of boots
Scrolls
 e - a scroll of teleportation {unknown}
 f - 2 scrolls of enchant weapon {unknown}
 g - a scroll of magic mapping {unknown}
 i - a scroll of identify {unknown}
 p - a scroll of amnesia {unknown}
 q - a scroll of remove curse {unknown}
 r - a scroll of blinking {unknown}
Potions
 h - a potion of flight {unknown}
 j - a potion of haste {unknown}
 k - a potion of mutation {unknown}
Comestibles
 c - 3 rations
 t - a chunk of flesh


   Skills:
 - Level 2.1 Fighting
 + Level 5.0 Long Blades
 - Level 2.1 Dodging
 - Level 2.0 Spellcasting
 * Level 1.1 Hexes
 - Level 2.6 Charms


You had one spell level left.
You knew the following spells:

 Your Spells              Type           Power        Failure   Level  Hunger
a - Infusion              Chrm           #...         8%          1    ##.....
b - Spectral Weapon       Hex/Chrm       #.......     32%         3    ####...
c - Regeneration          Chrm/Necr      #.........   38%         3    ####...

Your spell library contained the following spells:

 Spells                   Type           Power        Failure   Level  Hunger
 Song of Slaying          Chrm           #.......     12%         2    ###....
 Shroud of Golubria       Chrm/Tloc      #.........   21%         2    ###....


Dungeon Overview and Level Annotations

Branches:
Dungeon (3/15)

Altars:
Dithmenos
Makhleb
Nemelex Xobeh
Qazlal
Yredelemnul

Annotations:
D:3 Ijyb


Innate Abilities, Weirdness & Mutations

Your plain brown scales are hard. (AC +5)
You cannot fit into any form of body armour.
You are cold-blooded and may be slowed by cold attacks.


Message History

You draw out your weapon's spirit!
Ijyb closely misses you.
You riposte.
You barely miss Ijyb.
Ijyb is lightly wounded.
Unknown command.
You hit Ijyb.
Ijyb is lightly wounded.
Ijyb zaps a wand.
You are blasted!
* * * LOW HITPOINT WARNING * * *
You hit Ijyb.
Ijyb is moderately wounded.
Ijyb zaps a wand.
You barely resist. You barely miss Ijyb.
Ijyb is moderately wounded.
Ijyb zaps a wand.
You are blasted!
* * * LOW HITPOINT WARNING * * *
Casting: Spectral Weapon (safe; 32% risk of failure)
Confirm with . or Enter, or press ? or * to list all spells.
You begin infusing your attacks with magical energy.
Ijyb zaps a wand.
You are blasted!
You die...

# #...## #.# #.#
#...##.########.# #.#
#...##.#......).####.#
....##...............#
##..#####.#############
#..# #.# ...# #.#
##.######.# .)....g@(.#
...########


You could see Ijyb and a friendly spectral +0 falchion.

Vanquished Creatures
  A crimson imp (D:3)
  3 adders
  2 oozes
  A worm (D:3)
  3 dart slugs
  3 leopard geckos
  4 giant cockroaches
  11 goblins
  8 hobgoblins
  A quokka (D:3)
  A ball python (D:2)
  10 bats
  5 frilled lizards
  4 kobolds
  6 rats
63 creatures vanquished.

Notes
Turn   | Place    | Note
-------+----------+-------------------------------------------
     0 | D:1      | Leeroy the Draconian Skald began the quest for the Orb.
     0 | D:1      | Reached XP level 1. HP: 17/17 MP: 3/3
   141 | D:1      | Reached XP level 2. HP: 10/24 MP: 5/5
   190 | D:1      | Reached skill level 3 in Long Blades
   581 | D:1      | Reached XP level 3. HP: 28/29 MP: 6/6
   680 | D:2      | Found a stormy altar of Qazlal.
   683 | D:2      | Found a sparkling altar of Nemelex Xobeh.
   685 | D:2      | Found a basalt altar of Yredelemnul.
  1020 | D:2      | Reached skill level 4 in Long Blades
  1110 | D:2      | Found a burning altar of Makhleb.
  1130 | D:2      | Reached XP level 4. HP: 23/36 MP: 7/7
  1560 | D:3      | Learned a level 3 spell: Spectral Weapon
  1564 | D:3      | Learned a level 3 spell: Regeneration
  1602 | D:3      | Found a shadowy altar of Dithmenos.
  1762 | D:3      | Reached skill level 1 in Hexes
  1791 | D:3      | Reached skill level 5 in Long Blades
  2206 | D:3      | Reached XP level 5. HP: 36/41 MP: 8/8
  2251 | D:3      | Noticed Ijyb
  2268 | D:3      | Blown up by Ijyb

Vault maps used:
D:1:      elethiomel_arrival_maze
D:2:      lemuel_crystal_altar, grunt_temple_overflow_open
D:3:      grunt_dithmenos_smoke, uniq_ijyb

Skill      XL: |  1  2  3  4 |
---------------+-------------+-----
Long Blades    | 3 4 5 |  5.0
Hexes          | 1 |  1.1
Fighting       | |  2.1
Dodging        | |  2.1
Spellcasting   | |  2.0
Charms         | |  2.6

Action                   |  1- 3 |  4- 6 || total
-------------------------+-------+-------++-------
Melee: Falchion          |   122 |    94 ||   216
       Tailslap          |    16 |     6 ||    22
 Cast: Spectral Weapon   |       |     3 ||     3
       Infusion          |       |     1 ||     1
  Eat: Chunk             |     1 |     4 ||     5
Armor: Skin              |    61 |    30 ||    91
Dodge: Dodged            |   123 |    63 ||   186
       Rpst.: Falchion   |    36 |    18 ||    54

Table legend:
 A = Non-vault XP
 B = Vault XP
 C = Vault XP percentage of total XP
 D = Non-vault monster count
 E = Vault monster count
 F = Vault count percentage of total count
                 A         B        C        D         E       F
            +---------+---------+-------+---------+---------+-------
      Total |     202 |       0 |   0.0 |      63 |       0 |   0.0
            +---------+---------+-------+---------+---------+-------
        D:1 |      46 |       0 |   0.0 |      24 |       0 |   0.0
        D:2 |      60 |       0 |   0.0 |      23 |       0 |   0.0
        D:3 |      96 |       0 |   0.0 |      16 |       0 |   0.0
            +---------+---------+-------+---------+---------+-------
